 Dungeon Crawl Stone Soup version 0.29.1-1-gd02db6906a (webtiles) character file.

Game seed: 12797535643022975628

497 LabCoat the Trooper (level 7, -7/62 HPs)
             Began as a Hill Orc Fighter on Oct 16, 2022.
             Killed from afar by Ijyb (13 damage)
             ... with a bolt of light
             ... on level 4 of the Dungeon.
             The game lasted 00:07:06 (3242 turns).

LabCoat the Trooper (Hill Orc Fighter)              Turns: 3242, Time: 00:07:09

Health: -7/62      AC: 10    Str: 21    XL:     7   Next: 15%
Magic:  7/7        EV:  7    Int:  8    God:
Gold:   165        SH:  0    Dex: 10    Spells: 6/6 levels left

rFire   . . .      SeeInvis .   a - +0 war axe
rCold   . . .      Faith    .   c - +0 buckler
rNeg    . . .      Spirit   .   m - +0 chain mail
rPois   .          Reflect  .   (no helmet)
rElec   .          Harm     .   (no cloak)
rCorr   .          Rampage  .   (no gloves)
Will    .....                   g - +0 pair of boots
Stlth   ..........              j - amulet of the acrobat
HPRegen 0.20/turn               (no ring)
MPRegen 0.10/turn               (no ring)

@: confused, mighty
A: no striking features
a: no special abilities


You were on level 4 of the Dungeon.
You visited 1 branch of the dungeon, and saw 4 of its levels.

You collected 165 gold pieces.

Inventory:

Hand Weapons
 a - a +0 war axe (weapon)
 n - a +0 morningstar
Missiles
 b - 5 curare-tipped darts (quivered)
Armour
 c - a +0 buckler (worn)
 g - a +0 pair of boots (worn)
 m - a +0 chain mail (worn)
Jewellery
 j - an amulet of the acrobat (around neck)
Wands
 e - a wand of paralysis (6)
Scrolls
 f - 4 scrolls of fog
 h - 2 scrolls of poison
 k - 2 scrolls of noise
 q - a scroll of enchant weapon
Potions
 i - 2 potions of haste
 l - a potion of lignification


   Skills:
 * Level 5.8 Fighting
 * Level 5.6 Axes
 + Level 1.8 Throwing
 + Level 4.2 Armour
 + Level 4.2 Shields
 + Level 2.1 Evocations


You had 6 spell levels left.
You didn't know any spells.
Your spell library contained the following spells:

 Spells                   Type           Power      Damage    Failure   Level
 Static Discharge         Conj/Air       0%         3-3/arc   100%        2
 Dispel Undead            Necr           0%         3d6       100%        4
 Sticky Flame             Conj/Fire      0%         2d3       100%        4


Dungeon Overview and Level Annotations

Branches:
Dungeon (4/15)
 Temple: D:4-7

Altars:
Elyvilon
Xom

Shops:
D:3 =

Annotations:
D:3 2 runed translucent doors
D:4 Ijyb


Message History

Ijyb zaps a wand.
The bolt of light hits the orc!
The orc dies!
The bolt of light hits you! The orc hits you but does no damage.
You closely miss the orc.
The orc is lightly wounded.
You slash the jackal!
You kill the jackal!
The orc hits you but does no damage.
An endoplasm comes into view.
The giant cockroach bites you but does no damage.
You barely miss the giant cockroach. You hit the orc.
You feel less confused. The giant cockroach bites you.
The orc hits you but does no damage.
You slash the giant cockroach!
You kill the giant cockroach!
You closely miss the orc.
Ijyb zaps a wand.
The bolt of light hits you!! The orc hits you with a +0 short sword.
Ijyb zaps a wand.
The bolt of light hits you!
* * * LOW HITPOINT WARNING * * *
Items here: )) [[ †††.
You feel very mighty all of a sudden. You block Ijyb's attack.
The orc completely misses you.
You feel better. Ijyb hits you with a +0 club.
* * * LOW HITPOINT WARNING * * *
You block the orc's attack.
You barely miss Ijyb. You closely miss the orc. You slash the endoplasm!
You kill the endoplasm!
You block the orc's attack.
Ijyb zaps a wand.
The bolt of light misses you. Ijyb hits you with a +0 club.
* * * LOW HITPOINT WARNING * * *
The orc hits you but does no damage.
You miss Ijyb. You barely miss the orc. Ijyb hits you but does no damage.
The orc hits you but does no damage.
You slice Ijyb!!
Ijyb is almost dead.
You slash the orc!
You kill the orc!
Ijyb zaps a wand.
The bolt of light hits you!
You are confused.
You die...

#...# #. ... #
###...### #.#.#.#
#.#.......# .......
#.....)...#
#.#.#..####.......#
........#####...#.#
#...... .(......#.#
#...$.g##)#######.#
#......@)..##.###.#
#......##..#>.....#
#......#.#.##.#####
###.#...##.##.# #
##.# #....# #.
####.# .. #.# ###
#.# #.#


You could see Ijyb.

Vanquished Creatures
  Sigmund (D:2)
  A black bear (D:3)
  An orc priest (D:3)
  An iguana (D:4)
  Jessica (D:2)
  An orc wizard (D:3)
  7 adders
  A dart slug (D:3)
  8 orcs
  5 ball pythons
  5 endoplasms
  3 giant cockroaches
  5 goblins
  3 hobgoblins
  6 jackals
  2 quokkas
  7 bats
  3 frilled lizards
  4 kobolds
  4 rats
69 creatures vanquished.

Vanquished Creatures (others)
  An orc (D:4)
  A jackal (D:4)
2 creatures vanquished.

Grand Total: 71 creatures vanquished

Notes
Turn   | Place    | Note
-------+----------+-------------------------------------------
     0 | D:1      | LabCoat the Hill Orc Fighter began the quest for the Orb.
     0 | D:1      | Reached XP level 1. HP: 19/19 MP: 1/1
   262 | D:1      | Reached XP level 2. HP: 22/27 MP: 2/2
   854 | D:2      | Reached XP level 3. HP: 25/33 MP: 3/3
  1274 | D:2      | Noticed Jessica
  1282 | D:2      | Killed Jessica
  1283 | D:2      | Reached skill level 1 in Evocations
  1283 | D:2      | Reached XP level 4. HP: 28/41 MP: 4/4
  1602 | D:2      | Noticed Sigmund
  1619 | D:2      | Killed Sigmund
  1620 | D:2      | Reached skill level 5 in Fighting
  1620 | D:2      | Reached skill level 1 in Throwing
  1620 | D:2      | Reached XP level 5. HP: 7/48 MP: 5/5
  1620 | D:2      | Reached XP level 6. HP: 9/56 MP: 6/6
  2285 | D:3      | Found a faded altar of an unknown god.
  2345 | D:3      | Found Idweczos's Jewellery Emporium.
  2386 | D:3      | Noticed a black bear
  2401 | D:3      | Killed a black bear
  2402 | D:3      | Reached skill level 5 in Axes
  2508 | D:3      | Found a white marble altar of Elyvilon.
  2522 | D:3      | Reached XP level 7. HP: 61/61 MP: 7/7
  2831 | D:3      | Found a large runed translucent door.
  2831 | D:3      | Found a large runed translucent door.
  2832 | D:3      | Found a shimmering altar of Xom.
  3229 | D:4      | Noticed Ijyb
  3242 | D:4      | Killed from afar by Ijyb

Illustrated notes

Levels and vault maps discovered:
D:1:      dpeg_arrival_refuge, layout_rooms, minmay_ruptured
D:2:      layout_basic, minmay_pentomino_u2, uniq_sigmund, uniq_jessica
D:3:      due_chaos_kobolds, layout_loops_ring, elyvilon_altar_3,
          nicolae_ecumenical_pavilion, serial_shops, shop_statue
D:4:      layout_loops_ring, nicolae_qazlal_style_of_elements, uniq_duvessa,
          uniq_ijyb

Skill      XL: |  1  2  3  4  5  6 |
---------------+-------------------+-----
Axes           | 3 4 5 |  5.6
Fighting       | 4 5 |  5.8
Evocations     | 1 2 |  2.1
Throwing       | 1 |  1.8
Shields        | 4 |  4.2
Armour         | 4 |  4.2

Action                   |  1- 3 |  4- 6 |  7- 9 || total
-------------------------+-------+-------+-------++-------
Melee: War axe           |    77 |    72 |    39 ||   188
Throw: Dart              |       |     2 |     2 ||     4
Evoke: Wand              |       |     1 |       ||     1
  Use: Scroll            |     6 |     2 |     2 ||    10
       Potion            |       |     1 |     2 ||     3
Armor: Scale mail        |    44 |     5 |       ||    49
       Chain mail        |       |    22 |    20 ||    42
Dodge: Dodged            |    38 |    29 |    13 ||    80
Block: Buckler           |    13 |    17 |     8 ||    38
